 Dungeon Sprint DCSS version 0.26-a0-638-gcca6ad1b57 (webtiles) character file.

Game seed: 9961884460107433303

2881 Conn the Thaumaturge (level 9, -5/87 HPs)
             Began as an Octopode Hedge Wizard on Sept 14, 2020.
             Slain by a skeletal warrior
             ... wielding a +0 short sword
              (12 damage)
             ... in the Dungeon (Sprint II: "The Violet Keep of Menkaure").
             The game lasted 00:20:04 (1426 turns).

Conn the Thaumaturge (Octopode Hedge Wizard)        Turns: 1426, Time: 00:20:04

Health: -5/87      AC: 24    Str:  9    XL:     9   Next: 76%
Magic:  12/35      EV:  2    Int: 19    God:
Gold:   10         SH:  0    Dex: 12    Spells: 24/35 levels left

rFire    . . .     SeeInvis .   j - +0 dagger (curse)
rCold    . . .     Faith    .   (no shield)
rNeg     + + +     Spirit   .   (helmet currently unavailable)
rPois    +         Reflect  .   (no amulet)
rElec    .         Harm     .   c - ring of magical power
rCorr    .         Rampage  .   h - ring of wizardry
MR       .....     NoTele   +   (no ring)
Stlth    ++++......             (no ring)
HPRegen  0.24/turn              (no ring)
MPRegen  0.24/turn              (no ring)
                                (no ring)
                                (no ring)

@: tree-form, hasted, very quick
A: almost no armour, stealthy swim, (amphibious), 8 rings, (constrict 8)
a: no special abilities


You were in the Dungeon.
You were a tree.
You visited 1 branch You collected 972 gold pieces.
You spent 962 gold pieces at shops.

Inventory:

Hand Weapons
 a - a +0 dagger
 j - a cursed +0 dagger (weapon)
Armour
 b - a +0 hat (melded)
Jewellery
 c - a ring of magical power (left branch)
 h - a ring of wizardry (right branch)
Scrolls
 i - a scroll of blinking
Potions
 m - a potion of degeneration


   Skills:
 + Level 3.8 Fighting
 + Level 4.5 Short Blades
 + Level 6.1 Dodging
 + Level 10.4 Stealth
 * Level 13.6 Spellcasting
 * Level 8.4 Conjurations
 + Level 6.7 Summonings
 + Level 1.0 Translocations
 + Level 1.2 Fire Magic
 + Level 4.0 Air Magic
 + Level 3.5 Poison Magic


You had 24 spell levels left.
You knew the following spells:

 Your Spells              Type           Power        Failure   Level
a - Magic Dart            Conj           ####         1%          1
b - Blink                 Tloc           N/A          1%          2
c - Call Imp              Summ           #####...     1%          2
d - Conjure Flame         Conj/Fire      ####....     1%          3
e - Mephitic Cloud        Conj/Pois/Air  ####....     1%          3

Your spell library contained the following spells:

 Spells                   Type           Power        Failure   Level
 Slow                     Hex            ##......     3%          2


Dungeon Overview and Level Annotations

Branches:
Dungeon (1/1)

Altars:
The Shining One

Shops:
D ?:[!(=:!:[==!?}

Annotations:
D exclusions: oklob plant and orange crystal statue, Roxanne


Innate Abilities, Weirdness & Mutations

You cannot wear most types of armour.
You are very stealthy in the water. (Stealth+)
((You are amphibious.))
You can wear up to eight rings at the same time.
((You can use your tentacles to constrict eight enemies at once.))
((Your skin changes colour to match your surroundings (Stealth+).))
((Your rubbery body absorbs attacks. (AC +1, EV +1)))


Message History

The skeletal warrior is heavily damaged.
The skeletal warrior completely misses you.
Your crimson imp barely misses the skeletal warrior.
The wyvern bites the skeletal warrior!
You barely miss the skeletal warrior.
The skeletal warrior is heavily damaged.
The skeletal warrior hits you but does no damage.
You barely miss the skeletal warrior.
The skeletal warrior is heavily damaged.
Your crimson imp blinks!
Roxanne mumbles some strange words.
The iron shot hits your crimson imp!!!
Your crimson imp dies!
You hit the skeletal warrior but do no damage.
The skeletal warrior is heavily damaged.
The wyvern is engulfed in blazing flames.
You closely miss the skeletal warrior.
The skeletal warrior is heavily damaged.
The skeletal warrior hits you with a +0 short sword!
You die...

##§§§§§≈≈≈≈## #
+≈§≈§§8§≈≈≈.# lc##
#§§≈§§§§≈≈ k@.K##§§.§§§§
######≈5#++'#§§§##
#####≈≈≈c@(..§○§°#
....#≈≈≈c.##+##.l#
∩...#≈≈≈≈##.#.##z####
.∩..#≈≈≈≈#.###.#♣§)§#
∩.⌠.#≈≈####.#.####☼§##
....#≈##.###'###.##..#
∩...#≈#.####†##...#..#
....'≈'##.'.<.'.##+..###
....#≈#...##.##...#....###.
▓▓###≈##.###'###.##....§.≈≈
#####≈≈#####.#####≈≈....§≈#+
hh ##≈≈≈#..#..#≈≈≈≈≈≈≈..≈#.


You could see Roxanne, a skeletal warrior and a wyvern (confused).

Vanquished Creatures
  Kirke (D)
  A yaktaur captain (D)
  A centaur warrior (D)
  A hippogriff (D)
  A wyvern (D)
  A vampire mosquito (D)
  4 necrophages (D)
  4 worker ants (D)
  3 worms (D)
17 creatures vanquished.

Vanquished Creatures (collateral kills)
  A hippogriff (D)
  Menkaure (D)
2 creatures vanquished.

Vanquished Creatures (others)
  A crocodile (D)
1 creature vanquished.

Grand Total: 20 creatures vanquished

Notes
Turn   | Place    | Note
-------+----------+-------------------------------------------
     0 | D        | Conn the Octopode Hedge Wizard began the quest for the Orb.
     0 | D        | Reached XP level 1. HP: 11/11 MP: 4/4
    17 | D        | Reached skill level 4 in Spellcasting
    17 | D        | Reached XP level 2. HP: 3/17 MP: 5/7
    25 | D        | Killed a crocodile
    54 | D        | Learned a level 2 spell: Blink
    57 | D        | Learned a level 2 spell: Call Imp
   299 | D        | Found Poapn's Distillery.
   299 | D        | Found Zagijaim's Gadget Shoppe.
   299 | D        | Found Qaicaxzo's Jewellery Emporium.
   300 | D        | Found Birr's Magic Scroll Emporium.
   300 | D        | Found Usuixa Qiagg's Antique Armour Shoppe.
   300 | D        | Found Keulup's Book Emporium.
   300 | D        | Found Ragigon's Distillery.
   327 | D        | Found Quzxecej's Book Emporium.
   327 | D        | Found Onoskeim's Jewellery Emporium.
   327 | D        | Found Ixkeu's Jewellery Shoppe.
   327 | D        | Found Qeurhe's Antique Weapon Shoppe.
   327 | D        | Noticed a cane toad
   329 | D        | Found Lisuj's Distillery.
   329 | D        | Found Erunawed's Antique Armour Emporium.
   329 | D        | Noticed Menkaure
   329 | D        | Noticed a cane toad
   329 | D        | Noticed an oklob plant
   330 | D        | Found Uvvir's Magic Scroll Shoppe.
   330 | D        | Found Zemeemat's Book Shoppe.
   332 | D        | Noticed a hippogriff
   333 | D        | Noticed a hippogriff
   333 | D        | Noticed a hippogriff
   347 | D        | Bought a potion of lignification for 30 gold pieces
   347 | D        | Bought a potion of lignification for 30 gold pieces
   347 | D        | Noticed a black bear
   347 | D        | Noticed a black bear
   348 | D        | Noticed a black bear
   350 | D        | Noticed a flying skull
   351 | D        | Bought a scroll of immolation for 45 gold pieces
   351 | D        | Noticed a flying skull
   365 | D        | Killed Menkaure
   365 | D        | Reached skill level 6 in Spellcasting
   365 | D        | Reached XP level 3. HP: 15/22 MP: 3/10
   365 | D        | Reached XP level 4. HP: 19/27 MP: 3/12
   537 | D        | Learned a level 3 spell: Conjure Flame
   541 | D        | Learned a level 3 spell: Mephitic Cloud
   551 | D        | Noticed a necrophage
   551 | D        | Noticed a necrophage
   551 | D        | Noticed a necrophage
   551 | D        | Noticed a necrophage
   601 | D        | Killed a necrophage
   601 | D        | Reached skill level 1 in Fighting
   601 | D        | Reached skill level 5 in Stealth
   601 | D        | Reached skill level 7 in Spellcasting
   601 | D        | Reached XP level 5. HP: 31/31 MP: 1/15
   629 | D        | Killed a necrophage
   629 | D        | Reached skill level 8 in Spellcasting
   629 | D        | Reached XP level 6. HP: 21/34 MP: 5/17
   669 | D        | Killed a necrophage
   669 | D        | Reached skill level 9 in Spellcasting
   723 | D        | Killed a necrophage
   933 | D        | Reached skill level 1 in Fire Magic
  1107 | D        | Noticed a hippogriff
  1107 | D        | Noticed a hippogriff
  1115 | D        | Killed a hippogriff
  1115 | D        | Reached skill level 10 in Spellcasting
  1115 | D        | Reached skill level 5 in Conjurations
  1115 | D        | Reached XP level 7. HP: 41/45 MP: 11/20
  1122 | D        | Killed a hippogriff
  1122 | D        | Reached skill level 5 in Dodging
  1283 | D        | Bought an uncursed ring of magical power for 200 gold
                  | pieces
  1288 | D        | Bought a potion of heal wounds for 50 gold pieces
  1294 | D        | Bought an uncursed ring of wizardry for 390 gold pieces
  1297 | D        | Bought a glowing dagger for 145 gold pieces
  1303 | D        | Bought a potion of curing for 36 gold pieces
  1303 | D        | Bought a potion of lignification for 36 gold pieces
  1331 | D        | Noticed a vampire mosquito
  1333 | D        | Killed a vampire mosquito
  1333 | D        | Reached skill level 5 in Summonings
  1342 | D        | Noticed an orange crystal statue
  1359 | D        | Found a glowing golden altar of the Shining One.
  1367 | D        | Identified Roxanne's Disquisition on Shape Shifting
  1367 | D        | Noticed Roxanne
  1370 | D        | Noticed Kirke
  1370 | D        | Noticed a kobold demonologist
  1370 | D        | Noticed a yaktaur captain
  1372 | D        | Noticed a wyvern
  1373 | D        | Noticed a lindwurm
  1375 | D        | Noticed a skeletal warrior
  1376 | D        | Noticed a centaur warrior
  1402 | D        | Killed a yaktaur captain
  1402 | D        | Killed Kirke
  1402 | D        | Reached skill level 12 in Spellcasting
  1402 | D        | Reached XP level 8. HP: 28/53 MP: 24/24
  1402 | D        | Reached XP level 9. HP: 30/57 MP: 25/25
  1413 | D        | Killed a centaur warrior
  1413 | D        | Reached skill level 10 in Stealth
  1413 | D        | Reached skill level 13 in Spellcasting
  1426 | D        | Slain by a skeletal warrior

Illustrated notes

Levels and vault maps discovered:
D:        the_violet_keep_of_menkaure [sprint2_stairs_cluster_1,
          sprint2_shoproom, sprint2_temple, sprint2_basic_supplies,
          sprint2_obstacle_4, sprint2_obstacle_3, sprint2_obstacle_6,
          sprint2_obstacle_1, sprint2_obstacle_5, sprint2_timed_cluster_1,
          sprint2_smallroom_cluster_1, sprint2_smallroom_final_cluster_1,
          sprint2_transparent_cluster_1, sprint2_second_timed_cluster_1,
          sprint2_sniper_area_1, sprint2_heavy_combat_area_1,
          sprint2_mutation_trap_area_1, sprint2_forest_area_1,
          sprint2_light_combat_area_1, sprint2_behind_water_1,
          sprint2_near_end_vault_1]

Skill      XL: |  1  2  3  4  5  6  7  8  9 |
---------------+----------------------------+-----
Stealth        | 3 4 5 6 9 10 | 10.4
Spellcasting   | 4 6 7 8 10 12 13 | 13.6
Short Blades   | 2 3 4 |  4.5
Dodging        | 3 4 5 6 |  6.1
Summonings     | 2 3 4 6 |  6.7
Fighting       | 1 2 3 |  3.8
Conjurations   | 2 3 5 7 8 |  8.4
Fire Magic     | 1 |  1.2
Air Magic      | 2 4 |  4.0
Poison Magic   | 2 3 |  3.5
Translocations | |  1.0

Action                   |  1- 3 |  4- 6 |  7- 9 || total
-------------------------+-------+-------+-------++-------
Melee: Dagger            |    14 |    82 |    16 ||   112
       Constrict         |     5 |     4 |       ||     9
       Tentacles         |     2 |     4 |     1 ||     7
 Cast: Call Imp          |     5 |     6 |     5 ||    16
       Magic Dart        |     3 |    20 |    14 ||    37
       Conjure Flame     |       |     1 |       ||     1
       Mephitic Cloud    |       |     3 |    11 ||    14
  Use: Potion            |     4 |     2 |     6 ||    12
       Scroll            |       |       |     1 ||     1
 Stab: Sleeping          |     1 |       |     1 ||     2
       Confused          |       |     3 |     1 ||     4
Armor: Skin              |     1 |    45 |    12 ||    58
Dodge: Dodged            |     3 |    13 |     9 ||    25

Table legend: (Time is in decaauts)
 A = Elapsed time spent in this place.
 B = Non-inter-level travel time spent in this place.
 C = Inter-level travel time spent in this place.
 D = Time resting spent in this place.
 E = Time spent auto-exploring this place.
 F = Levels seen in this place.
 G = Mean time per level.
                   A        B        C        D        E       F      G
               +--------+--------+--------+--------+--------+-----+--------+
         Total |   1409 |   1409 |      0 |    885 |      0 |   1 | 1409.0 |
       Dungeon |   1409 |   1409 |      0 |    885 |      0 |   1 | 1409.0 |
               +--------+--------+--------+--------+--------+-----+--------+

Top non-repeatable levels by time:
       D: 1409 daAuts
